 Dungeon Crawl Stone Soup version 0.29-a0-817-g9904bce7a6 (webtiles) character file.

Game seed: 4064273162077712679

21 xian the Sneak (level 2, 0/24 HPs)
             Began as a Demonspawn Delver on July 5, 2022.
             Succumbed to an adder's poison
             ... on level 2 of the Dungeon.
             The game lasted 00:02:25 (511 turns).

xian the Sneak (Demonspawn Delver)                   Turns: 511, Time: 00:02:25

Health: 0/24       AC:  4    Str: 12    XL:     2   Next: 65%
Magic:  2/2        EV: 12    Int: 13    God:
Gold:   76         SH:  0    Dex: 14    Spells: 1/1 levels left

rFire   . . .      SeeInvis .   a - +0 falchion
rCold   . . .      Faith    .   (no shield)
rNeg    . . .      Spirit   .   b - +0 leather armour
rPois   .          Reflect  .   (no helmet)
rElec   .          Harm     .   (no cloak)
rCorr   .          Rampage  .   j - +0 pair of gloves
Will    .....                   (no boots)
Stlth   +++.......              (no amulet)
HPRegen 0.08/turn               (no ring)
MPRegen 0.08/turn               (no ring)

@: brilliant, lethally poisoned (0 -> -2)
A: big brain 1
a: no special abilities


You were on level 2 of the Dungeon.
You visited 1 branch of the dungeon, and saw 4 of its levels.

You collected 76 gold pieces.

Inventory:

Hand Weapons
 a - a +0 falchion (weapon)
Missiles
 i - 6 poisoned darts (quivered)
Armour
 b - a +0 leather armour (worn)
 j - a +0 pair of gloves (worn)
Wands
 g - a wand of digging (3)
Scrolls
 c - 2 scrolls of fog
 d - a scroll of magic mapping
 e - a scroll of fear
 h - a scroll of identify {unknown}
Potions
 f - a potion of haste
 k - a potion of brilliance


   Skills:
 + Level 3.0 Fighting
 + Level 2.0 Long Blades
 + Level 0.7 Armour
 + Level 2.0 Dodging
 + Level 4.8 Stealth


You had one spell level left.
You didn't know any spells.
Your spell library was empty.

Dungeon Overview and Level Annotations

Branches:
Dungeon (5/15)
 Temple: D:4-7

Altars:
Gozag

Shops:
D:4 **   D:5 [


Innate Abilities, Weirdness & Mutations

You have an unusually large brain. (Int +2)


Message History

You are poisoned.
The adder poisons you! The adder bites you but does no damage.
You closely miss the adder.
The adder is severely wounded.
You feel sick. The adder barely misses you.
The adder bites you but does no damage.
You hit the adder.
The adder is severely wounded.
You feel sick. The adder barely misses you.
You hit the adder.
The adder is almost dead.
You feel sick. The adder bites you. x2
You are lethally poisoned!
The adder poisons you!
You hit the adder.
You kill the adder!
* * * LOW HITPOINT WARNING * * *
You feel sick.
Your Long Blades skill increases to level 2!
Your Dodging skill increases to level 2!
* * * LOW HITPOINT WARNING * * *
You feel sick.
Things that are here:
2 black potions; an adder corpse
* * * LOW HITPOINT WARNING * * *
You feel sick.
* * * LOW HITPOINT WARNING * * *
You feel sick.
Things that are here:
2 black potions; an adder corpse
k - 2 black potions
* * * LOW HITPOINT WARNING * * *
You feel sick.
It was a potion of brilliance.
You feel clever all of a sudden.
* * * LOW HITPOINT WARNING * * *
You feel sick.
Okay, then.
Okay, then.
You die...

.)....###..##.#
.####..#.#.##.##### .#
#....#.##†#...####.#
.####....#.##.#..)......
...................#
.######..........#.# .#
#..#.#####.# # .# #..#.#
#†# .# ###..#.# #@#
.##.................#
....# #.............#
.#### ##.#####...##.# .#
# #$## .# .. ## ##. .#


There were no monsters in sight!

Vanquished Creatures
  An adder (D:2)
  3 endoplasms
  A goblin (D:2)
  A hobgoblin (D:4)
  A ball python (D:3)
  3 bats
  A kobold (D:2)
11 creatures vanquished.

Notes
Turn   | Place    | Note
-------+----------+-------------------------------------------
     0 | D:5      | xian the Demonspawn Delver began the quest for the Orb.
     0 | D:5      | Reached XP level 1. HP: 18/18 MP: 1/1
     5 | D:4      | Found Ciyrchako's General Store.
    20 | D:4      | Found Afitz's Assorted Antiques.
    57 | D:3      | Found an opulent altar of Gozag.
   386 | D:2      | Gained mutation: You have an unusually large brain. (Int
                  | +2) [demonic ancestry]
   386 | D:2      | Reached XP level 2. HP: 24/24 MP: 2/2
   510 | D:2      | HP: 1/24 [poisoned by an adder]
   511 | D:2      | Succumbed to an adder's poison

Illustrated notes

Levels and vault maps discovered:
D:2:      layout_loops_ring, hellmonk_ecumenical_altar_watching_god,
          uniq_jessica
D:3:      layout_loops_cross, grunt_gozag_statues, minmay_cupped
D:4:      layout_cave_pools, serial_shops, shop_statue,
          nicolae_shop_hallway_plus, shop, nicolae_shop_hallway_stairs,
          nicolae_shop_hallway_plus
D:5:      layout_cave_pools, minmay_temple_entry_glass, serial_shops,
          nicolae_stop_n_shop_1, nicolae_take_the_stairs, nicolae_stop_n_shop_1,
          amcnicky_mini_pool_medium, uniq_edmund

Skill      XL: |  1  2 |
---------------+-------+-----
Long Blades    | 2 |  2.0
Dodging        | 2 |  2.0
Fighting       | |  3.0
Armour         | |  0.7
Stealth        | |  4.8

Action                   || total
-------------------------++-------
Melee: Falchion          ||    30
       Punch             ||     1
  Use: Scroll            ||     1
       Potion            ||     1
 Stab: Sleeping          ||     1
Armor: Leather armour    ||    10
Dodge: Dodged            ||    15

Table legend: (Time is in decaauts)
 A = Elapsed time spent in this place.
 B = Non-inter-level travel time spent in this place.
 C = Inter-level travel time spent in this place.
 D = Time resting spent in this place.
 E = Time spent auto-exploring this place.
 F = Levels seen in this place.
 G = Mean time per level.
                   A        B        C        D        E       F      G
               +--------+--------+--------+--------+--------+-----+--------+
         Total |    516 |    516 |      0 |      0 |    275 |   4 |  129.0 |
       Dungeon |    516 |    516 |      0 |      0 |    275 |   4 |  129.0 |
               +--------+--------+--------+--------+--------+-----+--------+

Top non-repeatable levels by time:
     D:2: 359 daAuts
     D:3: 99 daAuts
     D:4: 52 daAuts
     D:5: 5 daAuts
